 Dungeon Crawl Stone Soup version 0.27-a0-1528-g90fbb72469 (console) character file.

Game seed: 7892482225819959566

271 MakMorn the Magician (level 6, -6/45 HPs)
             Began as a Djinni Necromancer on July 10, 2021.
             Mangled by Grinder (9 damage)
             ... on level 3 of the Dungeon.
             The game lasted 00:12:33 (5860 turns).

MakMorn the Magician (Djinni Necromancer)           Turns: 5860, Time: 00:12:33

Health: -6/45      AC:  3    Str:  7    XL:     6   Next: 47%
Gold:   151        EV: 12    Int: 19    God:
                   SH:  0    Dex: 13

rFire    + + .     SeeInvis .   b - +0 long sword
rCold    x . .     Faith    .   (no shield)
rNeg     . . .     Spirit   .   a - +0 robe
rPois    ∞         Reflect  .   h - +0 helmet
rElec    .         Harm     .   (no cloak)
rCorr    .         Rampage  .   (no gloves)
Will     .....                  (boots unavailable)
Stlth    ++........             (no amulet)
HPRegen  0.15/turn              (no ring)
MPRegen  0.00/turn              (no ring)

@: flying
A: sickness immunity, fire resistance 2, cold vulnerability 1, float, innate
caster, hp casting, extra vitality 1
a: no special abilities


You were on level 3 of the Dungeon.
You visited 1 branch of the dungeon, and saw 3 of its levels.
You also visited: Sewer.

You collected 151 gold pieces.

Inventory:

Hand Weapons
 b - a +0 long sword (weapon)
 g - a +0 dagger
Missiles
 d - 31 stones
Armour
 a - a +0 robe (worn)
 h - a +0 helmet (worn)
Wands
 l - a wand of flame (14)
Scrolls
 c - a scroll of summoning {unknown}
 e - 2 scrolls of identify {unknown}
 k - a scroll of fog {unknown}
 m - 2 scrolls of noise {unknown}
 n - a scroll of teleportation {unknown}
Potions
 f - a potion of heal wounds {unknown}
 i - a potion of cancellation {unknown}
 j - a potion of brilliance {unknown}
 o - a potion of mutation {unknown}
 p - a potion of flight {unknown}
 q - a potion of might {unknown}


   Skills:
 * Level 2.4 Fighting
 - Level 2.1 Dodging
 - Level 1.5 Stealth
 + Level 5.3 Spellcasting


You couldn't memorise any spells.
You knew the following spells:

 Your Spells              Type           Power      Damage    Failure   Level
a - Pain                  Necr           100%       1d9       1%          1
b - Animate Skeleton      Necr           50%        N/A       1%          1
c - Animate Dead          Necr           12%        N/A       14%         4
d - Static Discharge      Conj/Air       25%        N/A       1%          2
v - Vampiric Draining     Necr           12%        2d7       4%          3
z - Magic Dart            Conj           100%       1d8       1%          1
A - Agony                 Necr           25%        N/A       36%         5
Your spell library was empty.

Dungeon Overview and Level Annotations

Branches:
Dungeon (3/15)              Sewer (visited)

Altars:
Nemelex Xobeh
Qazlal

Shops:
D:1 =

Annotations:
D:3 Grinder, Terence


Innate Abilities, Weirdness & Mutations

You are immune to sickness and miasma.
You are immune to poison.
Your flesh is very heat resistant. (rF++)
You are vulnerable to cold. (rC-)
You float through the air rather than walking.
You learn spells naturally, not from books.
Your magical power is your life essence.
You have superior vitality. (+4 HP)


Message History

Casting: Static Discharge (safe; 1% risk of failure)
Confirm with . or Enter, or press ? or * to list all spells.
Grinder is struck by an arc of lightning.
Grinder is moderately wounded.
The lightning grounds out.
Grinder hits you.
You writhe in agony.
Unknown command.
Casting: Static Discharge (safe; 1% risk of failure)
Confirm with . or Enter, or press ? or * to list all spells.
Grinder is struck by an arc of lightning.
Grinder is heavily wounded.
You are struck by an arc of lightning.
The lightning grounds out.
Grinder hits you!
* * * LOW HITPOINT WARNING * * *
You writhe in agony.
* * * LOW HITPOINT WARNING * * *
Unknown command.
Casting: Static Discharge (safe; 1% risk of failure)
Confirm with . or Enter, or press ? or * to list all spells.
Grinder is struck by an arc of lightning.
Grinder is heavily wounded.
You are struck by an arc of lightning.
* * * LOW HITPOINT WARNING * * *
Grinder is struck by an arc of lightning.
Grinder is heavily wounded.
The lightning grounds out.
* * * LOW HITPOINT WARNING * * *
Grinder gestures at you.
You struggle to resist.
Unknown command.
Casting: Static Discharge (safe; 1% risk of failure)
Confirm with . or Enter, or press ? or * to list all spells.
Grinder is struck by an arc of lightning!
Grinder is severely wounded.
You are struck by an arc of lightning.
* * * LOW HITPOINT WARNING * * *
The lightning grounds out.
* * * LOW HITPOINT WARNING * * *
Grinder says, "Mostly I couldn't keep them alive."
Grinder hits you!
You die...

........#.§§§.≈§≈§§§#.##
###.....#....≈._≈..§...#
#.....#...≈.≈≈≈§≈§#..#
#.....#..§.≈≈≈.≈..#..#
#.####.#≈.≈...§≈.#.#.#
..≈.....≈#.#..#
#.#....)#.##.##
#.#####5## # ##....@##
#######


You could see Grinder.

Vanquished Creatures
  A water moccasin (Sewer)
  Jessica (D:3)
  An orc wizard (D:3)
  Robin (D:2)
  2 adders (D:2)
  2 dart slugs
  4 orcs (D:3)
  4 bats
  3 endoplasms
  15 goblins
  12 hobgoblins
  6 jackals
  4 quokkas
  4 ball pythons
  4 frilled lizards (D:1)
  9 kobolds
  4 rats
77 creatures vanquished.

Notes
Turn   | Place    | Note
-------+----------+-------------------------------------------
     0 | D:1      | MakMorn the Djinni Necromancer began the quest for the Orb.
     0 | D:1      | Reached XP level 1. HP: 15/15 MP: 0/0
   744 | D:1      | Reached XP level 2. HP: 9/22 MP: 0/0
  1398 | D:1      | Found Dump's Jewellery Boutique.
  1417 | D:1      | Reached XP level 3. HP: 11/26 MP: 0/0
  1417 | D:1      | Learned a level 1 spell: Magic Dart
  1767 | D:1      | Reached skill level 1 in Fighting
  2378 | D:2      | Noticed Robin
  2628 | D:2      | Reached skill level 4 in Spellcasting
  2952 | D:2      | Reached XP level 4. HP: 19/32 MP: 0/0
  4050 | D:2      | Killed Robin
  4373 | D:2      | Reached XP level 5. HP: 35/37 MP: 0/0
  4373 | D:2      | Learned a level 2 spell: Static Discharge
  4607 | D:3      | Noticed Terence
  4693 | D:3      | Found a sparkling altar of Nemelex Xobeh.
  4747 | D:3      | Found a glowing drain.
  4776 | D:3      | Noticed Grinder
  4966 | Sewer    | Entered a sewer
  5233 | Sewer    | Noticed a water moccasin
  5241 | Sewer    | Killed a water moccasin
  5242 | Sewer    | Reached skill level 5 in Spellcasting
  5242 | Sewer    | Reached XP level 6. HP: 27/43 MP: 0/0
  5634 | D:3      | Found a stormy altar of Qazlal.
  5685 | D:3      | Noticed Jessica
  5689 | D:3      | Killed Jessica
  5812 | D:3      | Found a faded altar of an unknown god.
  5860 | D:3      | Mangled by Grinder

Illustrated notes

Levels and vault maps discovered:
D:1:      sevenhm_arrival_forest_fort_large_1, layout_rooms, serial_shops, shop
D:2:      layout_basic, uniq_robin
D:3:      layout_rooms, grunt_qazlal_clouds, overflow_temple_1_default,
          cheibrodos_sewer_entry_sluice,
          shapermc_ecumenical_altar_starsandcircs, minmay_splitting_lines,
          uniq_jessica, uniq_grinder, uniq_terence

Skill      XL: |  1  2  3  4  5 |
---------------+----------------+-----
Fighting       | 1 2 |  2.4
Spellcasting   | 4 5 |  5.3
Dodging        | |  2.1
Stealth        | |  1.5

Action                   |  1- 3 |  4- 6 || total
-------------------------+-------+-------++-------
Melee: Long sword        |       |     1 ||     1
 Cast: Pain              |    76 |    91 ||   167
       Vampiric Draining |       |     1 ||     1
       Magic Dart        |       |     5 ||     5
       Static Discharge  |       |     5 ||     5
       Animate Dead      |       |     1 ||     1
Evoke: Wand              |       |     2 ||     2
Armor: Robe              |     6 |     8 ||    14
Dodge: Dodged            |    11 |    18 ||    29
       Rpst.: Long sword |     2 |     4 ||     6

Table legend: (Time is in decaauts)
 A = Elapsed time spent in this place.
 B = Non-inter-level travel time spent in this place.
 C = Inter-level travel time spent in this place.
 D = Time resting spent in this place.
 E = Time spent auto-exploring this place.
 F = Levels seen in this place.
 G = Mean time per level.
                   A        B        C        D        E       F      G
               +--------+--------+--------+--------+--------+-----+--------+
         Total |   5864 |   5659 |    205 |   2696 |   1886 |   4 | 1466.0 |
       Dungeon |   5344 |   5139 |    205 |   2300 |   1838 |   3 | 1781.3 |
         Sewer |    519 |    519 |      0 |    396 |     48 |   1 |  519.0 |
               +--------+--------+--------+--------+--------+-----+--------+

Top non-repeatable levels by time:
     D:1: 2671 daAuts
     D:2: 2015 daAuts
     D:3: 658 daAuts
   Sewer: 519 daAuts
